 Seeded DCSS version 0.28-a0-1159-g27aa881441 (webtiles) character file.

Game seed: 3047507878316767220 (custom seed)

1 croobank the Slasher (level 1, -2/17 HPs)
             Began as a Vampire Cinder Acolyte on Dec 15, 2021.
             Was a High Priest of Ignis.
             Slain by a frilled lizard (3 damage)
             ... on level 1 of the Dungeon.
             The game lasted 00:00:35 (57 turns).

croobank the Slasher (Vampire Cinder Acolyte)         Turns: 57, Time: 00:00:36

Health: -2/17      AC:  2    Str: 13    XL:     1   Next: 16%
Magic:  2/2        EV: 11    Int: 16    God:    Ignis [*****.]
Gold:   0          SH:  0    Dex:  9    Spells: 2/2 levels left

rFire   + . .      SeeInvis +   a - -1 falchion (flame)
rCold   . . .      Faith    .   (no shield)
rNeg    . . .      Spirit   .   b - +0 robe
rPois   .          Reflect  .   (no helmet)
rElec   .          Harm     .   (no cloak)
rCorr   .          Rampage  .   (no gloves)
Will    .....                   (no boots)
Stlth   +.........              (no amulet)
HPRegen 0.25/turn               (no ring)
MPRegen 0.08/turn               (no ring)

@: healing quickly
A: alive, fangs 3, see invisible, vampiric 1
a: Exsanguinate, Renounce Religion, Fiery Armour, Foxfire Swarm, Rising Flame


You were on level 1 of the Dungeon.
You worshipped Ignis.
Ignis was extremely pleased with you.
You visited 1 branch of the dungeon, and saw 1 of its levels.

Inventory:

Hand Weapons
 a - a -1 falchion of flaming (weapon)
Armour
 b - a +0 robe (worn)


   Skills:
 + Level 2.6 Fighting
 + Level 3.1 Long Blades
 + Level 1.0 Spellcasting
 + Level 2.4 Fire Magic


You had 2 spell levels left.
You didn't know any spells.
Your spell library contained the following spells:

 Spells                   Type           Power      Damage    Failure   Level
 Scorch                   Fire           16%        2d6       13%         2


Dungeon Overview and Level Annotations

Branches:
Dungeon (1/15)

Altars:


Innate Abilities, Weirdness & Mutations

Your natural rate of healing is accelerated.
You have razor-sharp teeth.
You have supernaturally acute eyesight. (SInv)
You are afflicted with vampirism.


Message History

Welcome, croobank the Vampire Cinder Acolyte.
Game seed: 3047507878316767220 (custom seed)
The flames of Ignis gently warm you.
Press ? for a list of commands and other information.
Found 10 gold pieces and a scroll labelled LEADE MATUKH.
Found a staircase leading out of the dungeon.
You have 0 gold pieces.
You open the door.
There is an open door here.
A quokka comes into view.
A frilled lizard comes into view.
You barely miss the quokka. Your bite misses the quokka. The quokka bites you.
You barely miss the quokka.
The frilled lizard hisses angrily.
The quokka bites you.
You closely miss the quokka. Your bite misses the quokka.
The quokka completely misses you. The quokka bites you.
You hit the quokka but do no damage. The quokka closely misses you.
You closely miss the quokka.
The quokka twitches its whiskers.
The quokka barely misses you. The quokka closely misses you.
You hit the quokka but do no damage. The quokka barely misses you.
You miss the quokka. You bite the quokka.
The quokka is moderately wounded.
The quokka bites you. The frilled lizard bites you. The quokka bites you.
You hit the quokka. You burn the quokka.
The quokka is severely wounded.
The frilled lizard bites you.
* * * LOW HITPOINT WARNING * * *
The quokka bites you but does no damage.
You hit the quokka. You burn the quokka.
You kill the quokka!
The frilled lizard closely misses you.
You barely miss the frilled lizard. The frilled lizard closely misses you.
You hit the frilled lizard but do no damage.
The frilled lizard bites you.
* * * LOW HITPOINT WARNING * * *
You closely miss the frilled lizard. The frilled lizard bites you.
You die...

#......# #......#
#......# #......#
#......# #......#
#.l....# #..@...#
#......# #. #......#
.##.##### #......#
....#...###
#......#####........
#......##........###
#.........####.....#
###.##.......#.#....
#.##.#..##.#...#.#


You could see a frilled lizard.

Vanquished Creatures
  A quokka (D:1)
1 creature vanquished.

Notes
Turn   | Place    | Note
-------+----------+-------------------------------------------
     0 | D:1      | croobank the Vampire Cinder Acolyte began the quest for the
                  | Orb.
     0 | D:1      | Reached XP level 1. HP: 17/17 MP: 2/2
    57 | D:1      | Slain by a frilled lizard

Illustrated notes

Levels and vault maps discovered:
D:1:      dpeg_arrival_rooms_with_view, layout_basic, serial_shops, shop

Action                   || total
-------------------------++-------
Melee: Falchion          ||    12
       Bite              ||     1
Armor: Robe              ||     1
Dodge: Dodged            ||     7

Table legend: (Time is in decaauts)
 A = Elapsed time spent in this place.
 B = Non-inter-level travel time spent in this place.
 C = Inter-level travel time spent in this place.
 D = Time resting spent in this place.
 E = Time spent auto-exploring this place.
 F = Levels seen in this place.
 G = Mean time per level.
                   A        B        C        D        E       F      G
               +--------+--------+--------+--------+--------+-----+--------+
         Total |     58 |     58 |      0 |      0 |     43 |   1 |   58.0 |
       Dungeon |     58 |     58 |      0 |      0 |     43 |   1 |   58.0 |
               +--------+--------+--------+--------+--------+-----+--------+

Top non-repeatable levels by time:
     D:1: 58 daAuts
